 Dungeon Crawl Stone Soup version 0.30-a0-137-gd8773701ce (webtiles) character file.

Game seed: 883222813698472758

189 tsouns the Trooper (level 5, -1/43 HPs)
             Began as a Mummy Monk on Sept 23, 2022.
             Was an Elder of Sif Muna.
             Slain by an iguana (7 damage)
             ... on level 4 of the Dungeon.
             The game lasted 00:04:33 (3512 turns).

tsouns the Trooper (Mummy Monk)                     Turns: 3512, Time: 00:04:34

Health: -1/43      AC: 10    Str: 14    XL:     5   Next: 40%
Magic:  5/5        EV:  4    Int: 11    God:    Sif Muna [****..]
Gold:   141        SH:  0    Dex: 15    Spells: 4/4 levels left

rFire   x . .      SeeInvis .    j - +0 trident
rCold   + . .      Faith    +    (no shield)
rNeg    + + +      Spirit   .    f - +0 plate armour
rPois   ∞          Reflect  .    (no helmet)
rElec   .          Harm     .    (no cloak)
rCorr   .          Rampage  .    (no gloves)
Will    .....                    (no boots)
Stlth   ..........               (no amulet)
HPRegen 0.14/turn                (no ring)
MPRegen 0.09/turn                (no ring)

@: no status effects
A: cold resistance 1, negative energy resistance 3, torment resistance 2, heat
vulnerability 1, in touch with death 1, no potions, faith
a: Renounce Religion, Channel Magic, Forget Spell, Divine Exegesis


You were on level 4 of the Dungeon.
You worshipped Sif Muna.
Sif Muna was greatly pleased with you.
You visited 1 branch of the dungeon, and saw 4 of its levels.

You collected 141 gold pieces.

Inventory:

Hand Weapons
 a - a +0 spear
 i - a +4 sling
 j - a +0 trident (weapon)
 p - the +7 mace of Generosity {vorpal, *Corrode rF+ rN+++ SInv}
   (You found it on level 4 of the Dungeon)

   It inflicts extra damage upon your enemies.
   rF:        It protects you from fire.
   rN:        It renders you almost immune to negative energy.
   SInv:      It lets you see invisible.
   *Corrode:  It may corrode you when you take damage.
Missiles
 l - 2 curare-tipped darts (quivered)
 m - a throwing net
Armour
 b - a +0 robe
 f - a +0 plate armour (worn)
Wands
 n - a wand of polymorph (9)
Scrolls
 c - 2 scrolls of identify {unknown}
 d - 2 scrolls of blinking {unknown}
 e - a scroll of noise {unknown}
 g - a scroll of amnesia {unknown}
 h - a scroll of enchant armour {unknown}
 k - a scroll of magic mapping {unknown}
 o - a scroll of teleportation {unknown}


   Skills:
 + Level 4.8 Fighting
 + Level 4.0 Polearms
 - Level 2.4 Dodging
 - Level 1.5 Stealth


You had 4 spell levels left.
You didn't know any spells.
Your spell library contained the following spells:

 Spells                   Type           Power      Damage    Failure   Level
 Alistair's Intoxication  Tmut/Pois      0%         N/A       100%        5
 Borgnjor's Vile Clutch   Necr/Erth      0%         N/A       100%        5
 Eringya's Noxious Bog    Tmut/Pois      0%         N/A       100%        6


Dungeon Overview and Level Annotations

Branches:
Dungeon (4/15)
 Temple: D:4-7

Altars:
Cheibriados
Gozag
Nemelex Xobeh
Sif Muna
Trog
Uskayaw


Innate Abilities, Weirdness & Mutations

You are immune to poison.
Your flesh is cold resistant. (rC+)
You are immune to negative energy. (rN+++)
You are immune to unholy pain and torment.
You are vulnerable to heat. (rF-)
You are in touch with the powers of death.
You do not drink.
You have a special connection with the divine. (Faith)


Message History

You are too injured to fight recklessly!
You are too injured to fight recklessly!
You are too injured to fight recklessly!
You are too injured to fight recklessly!
You are too injured to fight recklessly!
You are too injured to fight recklessly!
You are too injured to fight recklessly!
You are too injured to fight recklessly!
You hit the iguana.
The iguana is severely wounded.
The iguana bites you.
You barely miss the iguana.
The iguana is severely wounded.
The iguana bites you but does no damage.
You hit the iguana but do no damage.
The iguana is severely wounded.
The iguana bites you.
You hit the iguana but do no damage.
The iguana is severely wounded.
The iguana bites you.
You closely miss the iguana.
The iguana is severely wounded.
The iguana completely misses you.
You barely miss the iguana.
The iguana is severely wounded.
The iguana bites you!
* * * LOW HITPOINT WARNING * * *
The iguana bites you.
* * * LOW HITPOINT WARNING * * *
You barely miss the iguana.
The iguana is severely wounded.
The iguana barely misses you.
You can't drink.
Throw: 3 darts (curare)
Press: ? - help, Q - select action, (/) - cycle Shift-Dir - straight line, f - iguana
Aim: an iguana (severely wounded, 64% to hit)
You throw a curare-tipped dart.
The curare-tipped dart barely misses the iguana.
The iguana bites you!
You die...

................##.♣.♣.#....##...
.............)..##.♣.♣.#######.##
................+................
###...#.........##########.######
#..........^....# #
..#.............# #
)##.............##
.##....######....♣ ..######
#..l@♣ #.# #..)♣P....♣ #.#
#..♣♣.♣P.♣.. #.###########... ♣.
...♣ ...........>+).♣P .. P.♣
#####.#######..♣♣ .♣P . # #..#
#... P ######.## #.. #########
........# #........


You could see an iguana.

Vanquished Creatures
  3 orc wizards
  4 adders
  A worm (D:3)
  4 dart slugs
  6 orcs
  4 endoplasms
  7 goblins
  7 hobgoblins
  5 kobolds
  2 quokkas
  8 ball pythons
  5 bats
  2 frilled lizards
  4 rats
62 creatures vanquished.

Vanquished Creatures (others)
  5 plants (D:4)
5 creatures vanquished.

Grand Total: 67 creatures vanquished

Notes
Turn   | Place    | Note
-------+----------+-------------------------------------------
     0 | D:1      | tsouns the Mummy Monk began the quest for the Orb.
     0 | D:1      | Reached XP level 1. HP: 18/18 MP: 1/1
   596 | D:1      | Reached XP level 2. HP: 24/24 MP: 2/2
   649 | D:1      | Found a faded altar of an unknown god.
   657 | D:1      | Prayed at the altar of an unknown god.
   657 | D:1      | Became a worshipper of Sif Muna the Loreminder
   657 | D:1      | Reached * piety under Sif Muna
   657 | D:1      | Reached ** piety under Sif Muna
  1215 | D:2      | Reached *** piety under Sif Muna
  1263 | D:2      | Gained mutation: You are in touch with the powers of death.
                  | [Mummy growth]
  1263 | D:2      | Reached XP level 3. HP: 30/30 MP: 3/3
  1933 | D:2      | Reached XP level 4. HP: 26/37 MP: 4/4
  2071 | D:3      | Found a bloodstained altar of Trog.
  2360 | D:3      | Found a sparkling altar of Nemelex Xobeh.
  2565 | D:3      | Found a snail-covered altar of Cheibriados.
  2806 | D:4      | Reached XP level 5. HP: 36/43 MP: 5/5
  3164 | D:4      | Found an opulent altar of Gozag.
  3221 | D:4      | Identified the +7 mace of Generosity {vorpal, *Corrode rF+
                  | rN+++ SInv}
  3426 | D:4      | Found a hide-covered altar of Uskayaw.
  3470 | D:4      | Reached **** piety under Sif Muna
  3512 | D:4      | Slain by an iguana

Illustrated notes

Levels and vault maps discovered:
D:1:      eino_arrival_druids_welcome, layout_loops_corners,
          shapermc_ecumenical_altar_pompeii
D:2:      layout_rooms
D:3:      layout_loops_cross, nemelex_xobeh_ov_fountains_minmay,
          trog_three_pillars_becter, chei_slow_surprise,
          chequers_serial_rivers_small_3
D:4:      layout_basic, lemuel_crystal_altar, grunt_gozag_statues,
          worldfamousw_hep_ancestral_shrine, serial_forest,
          infiniplex_forest_clump_long, infiniplex_forest_clump_small,
          infiniplex_forest_lined_3_way, infiniplex_forest_clump_double,
          infiniplex_forest_corner_2, infiniplex_forest_straight_1,
          infiniplex_forest_3_way, infiniplex_forest_clump_curved,
          infiniplex_forest_clump_long, uniq_ijyb

Skill      XL: |  1  2  3  4  5 |
---------------+----------------+-----
Polearms       | 3 4 |  4.0
Fighting       | 4 |  4.8
Dodging        | |  2.4
Stealth        | |  1.5

Action                   |  1- 3 |  4- 6 || total
-------------------------+-------+-------++-------
Melee: Spear             |   108 |       ||   108
       Punch             |     3 |     1 ||     4
       Trident           |    18 |   135 ||   153
Throw: Dart              |       |     1 ||     1
 Stab: Sleeping          |     1 |       ||     1
Armor: Plate armour      |    46 |    52 ||    98
       Robe              |     2 |       ||     2
Dodge: Dodged            |    33 |    25 ||    58

Table legend: (Time is in decaauts)
 A = Elapsed time spent in this place.
 B = Non-inter-level travel time spent in this place.
 C = Inter-level travel time spent in this place.
 D = Time resting spent in this place.
 E = Time spent auto-exploring this place.
 F = Levels seen in this place.
 G = Mean time per level.
                   A        B        C        D        E       F      G
               +--------+--------+--------+--------+--------+-----+--------+
         Total |   3529 |   3461 |     68 |      0 |   2864 |   4 |  882.2 |
       Dungeon |   3529 |   3461 |     68 |      0 |   2864 |   4 |  882.2 |
               +--------+--------+--------+--------+--------+-----+--------+

Top non-repeatable levels by time:
     D:1: 1191 daAuts
     D:3: 818 daAuts
     D:2: 772 daAuts
     D:4: 746 daAuts
